 Dungeon Crawl Stone Soup version 0.28.0-62-gf88900778d (webtiles) character file.

Game seed: 7061343992743931028

42 cbfl8 the Chopper (level 3, -3/33 HPs)
             Began as a Minotaur Berserker on Feb 21, 2023.
             Was a Follower of Trog.
             Slain by a hobgoblin
             ... wielding a +0 long sword
              (4 damage)
             ... on level 2 of the Dungeon.
             The game lasted 00:01:08 (1443 turns).

cbfl8 the Chopper (Minotaur Berserker)              Turns: 1443, Time: 00:01:09

Health: -3/33      AC:  2    Str: 21    XL:     3   Next: 33%
Magic:  2/2        EV: 12    Int:  4    God:    Trog [*.....]
Gold:   51         SH:  0    Dex: 11    Spells: 2/2 levels left

rFire   . . .      SeeInvis .   a - +0 hand axe
rCold   . . .      Faith    .   (no shield)
rNeg    . . .      Spirit   .   b - +0 animal skin
rPois   .          Reflect  .   (helmet restricted)
rElec   .          Harm     .   (no cloak)
rCorr   .          Rampage  .   (no gloves)
Will    .....                   (no boots)
Stlth   +.........              (no amulet)
HPRegen 0.11/turn               (no ring)
MPRegen 0.08/turn               (no ring)

@: no status effects
A: horns 2, retaliatory headbutt
a: Renounce Religion, Berserk


You were on level 2 of the Dungeon.
You worshipped Trog.
Trog was aware of your devotion.
You visited 1 branch of the dungeon, and saw 2 of its levels.

You collected 51 gold pieces.

Inventory:

Hand Weapons
 a - a +0 hand axe (weapon)
Armour
 b - a +0 animal skin (worn)
Scrolls
 e - a scroll of identify {unknown}
Potions
 c - a potion of berserk rage {unknown}
 d - a potion of lignification {unknown}
 f - a potion of curing {unknown}


   Skills:
 + Level 4.3 Fighting
 + Level 4.4 Axes
 + Level 2.6 Armour
 + Level 2.6 Dodging


You had 2 spell levels left.
You didn't know any spells.
Your spell library was empty.

Dungeon Overview and Level Annotations

Branches:
Dungeon (2/15)

Altars:


Innate Abilities, Weirdness & Mutations

You have a pair of horns on your head.
You reflexively headbutt those who attack you in melee.


Message History

The hobgoblin throws a stone.
The stone closely misses you. The dart slug launches a dart at you.
The slug dart misses you.
There are monsters nearby!
There are monsters nearby!
There are monsters nearby!
Unknown command.
You barely miss the dart slug. You headbutt the dart slug.
The dart slug is heavily wounded.
You hit the hobgoblin but do no damage.
The hobgoblin hits you with a +0 long sword!
The dart slug launches a dart at you. The slug dart hits you.
Unknown command.
You hit the dart slug.
The dart slug is severely wounded.
You hit the hobgoblin.
The hobgoblin hits you with a +0 long sword!
Unknown command.
You are too injured to fight recklessly!
Unknown command.
You are too injured to fight recklessly!
Unknown command.
You hit the dart slug.
You kill the dart slug!
Trog accepts your kill.
You hit the hobgoblin but do no damage. The hobgoblin misses you.
You closely miss the hobgoblin.
The hobgoblin is almost dead.
The hobgoblin hits you with a +0 long sword!
* * * LOW HITPOINT WARNING * * *
You hit the hobgoblin but do no damage.
The hobgoblin is almost dead.
The hobgoblin hits you but does no damage.
Unknown command.
You hit the hobgoblin but do no damage.
You headbutt the hobgoblin, but do no damage.
The hobgoblin is almost dead.
The hobgoblin hits you with a +0 long sword.
You die...

##.....#..#..###.#
#.. ##........#..#
#.####### #
......#..# #........
.....##..# #........
.........###........
. ....
...............
.##............
...............
.#.....@.......
>...)...g......
#######........
......... ##....###
...... .....##
.##..#


You could see a hobgoblin.

Vanquished Creatures
  An adder (D:2)
  2 dart slugs
  4 ball pythons
  4 endoplasms
  A giant cockroach (D:1)
  5 goblins (D:1)
  2 hobgoblins (D:1)
  A kobold (D:1)
  2 quokkas
  A bat (D:1)
  A frilled lizard (D:1)
  A rat (D:2)
25 creatures vanquished.

Notes
Turn   | Place    | Note
-------+----------+-------------------------------------------
     0 | D:1      | cbfl8 the Minotaur Berserker began the quest for the Orb.
     0 | D:1      | Reached XP level 1. HP: 19/19 MP: 0/0
    66 | D:1      | You fall into a shaft and drop 1 floor!
    70 | D:2      | Reached XP level 2. HP: 9/27 MP: 1/1
    76 | D:2      | HP: 1/27 [poisoned by an adder]
   920 | D:1      | Reached XP level 3. HP: 33/33 MP: 2/2
  1377 | D:1      | Found a faded altar of an unknown god.
  1441 | D:2      | HP: 1/33 [hobgoblin/+0 long sword (10)]
  1443 | D:2      | Slain by a hobgoblin

Illustrated notes

Levels and vault maps discovered:
D:1:      amcnicky_arrival_flooded_fountain, layout_rooms,
          dilly_ecumenical_altar_fadedgnrine, minmay_heptomino_o4
D:2:      layout_basic, serial_shops, shop, kennysheep_potato, uniq_natasha

Skill      XL: |  1  2 |
---------------+-------+-----
Fighting       | 4 |  4.3
Axes           | 4 |  4.4
Armour         | |  2.6
Dodging        | |  2.6

Action                   || total
-------------------------++-------
Melee: Hand axe          ||    61
       Headbutt          ||     7
       Punch             ||     1
Invok: Berserk           ||     1
 Stab: Sleeping          ||     1
Armor: Animal skin       ||     6
Dodge: Dodged            ||    43
